 Dungeon Crawl Stone Soup version 0.23.2-33-g5129a83184 (webtiles) character file.

Game seed: 9383317228309770032

108 funkygono the Conjurer (level 4, -3/34 HPs)
             Began as a Draconian Conjurer on July 20, 2019.
             Slain by Grinder (9 damage)
             ... while paralysed by Grinder
             ... on level 3 of the Dungeon.
             The game lasted 00:06:20 (2857 turns).

funkygono the Conjurer (Draconian Conjurer)         Turns: 2857, Time: 00:06:21

Health: -3/34      AC:  5    Str: 10    XL:     4   Next: 58%
Magic:  2/7        EV:  2    Int: 16    God:
Gold:   198        SH:  0    Dex: 12    Spells: 2/8 levels left

rFire    . . .     SeeInvis .   n - +0 club
rCold    . . .     Gourm    .   (no shield)
rNeg     . . .     Faith    .   (armour unavailable)
rPois    .         Spirit   .   (helmet restricted)
rElec    .         Reflect  .   k - scarf {cloud immunity}
rCorr    .         Harm     .   (no gloves)
MR       .....                  (no boots)
Stlth    ++........             (no amulet)
HPRegen  0.11/turn              (no ring)
MPRegen  0.10/turn              (no ring)

@: paralysed
A: unfitting armour, cold-blooded, AC +5
a: no special abilities


You were on level 3 of the Dungeon.
You were not hungry.

You visited 1 branch of the dungeon, and saw 3 of its levels.

You collected 198 gold pieces.

Inventory:

Hand Weapons
 n - a +0 club (weapon)
Missiles
 e - 101 stones (quivered)
Armour
 h - a +0 buckler
 k - a scarf of cloud immunity (worn)
Wands
 m - a wand of acid (8)
Scrolls
 a - 2 scrolls of remove curse
 c - a scroll of teleportation
 o - a scroll of identify
Potions
 d - 2 potions of curing
 f - 4 potions of heal wounds {unknown}
 i - 2 potions of haste {unknown}
 j - a potion of might {unknown}
 l - a potion of agility {unknown}
Comestibles
 b - 5 rations


   Skills:
 + Level 0.4 Fighting
 + Level 0.3 Maces & Flails
 + Level 2.1 Dodging
 + Level 2.4 Stealth
 + Level 2.5 Spellcasting
 + Level 5.1 Conjurations


You had 2 spell levels left.
You knew the following spells:

 Your Spells              Type           Power        Failure   Level  Hunger
a - Magic Dart            Conj           ###.         2%          1    #......
b - Searing Ray           Conj           ###...       3%          2    ##.....
c - Dazzling Spray        Conj/Hex       ##....       21%         3    ###....

Your spell library contained the following spells:

 Spells                   Type           Power        Failure   Level  Hunger
 Iskenderun's Mystic Bla  Conj           ###.....     24%         4    #####..
 Force Lance              Conj/Tloc      ##......     56%         4    #####..
 Fulminant Prism          Conj/Hex       ##........   56%         4    #####..


Dungeon Overview and Level Annotations

Branches:
Dungeon (3/15)

Altars:
Elyvilon

Annotations:
D:3 Grinder


Innate Abilities, Weirdness & Mutations

Your plain brown scales are hard. (AC +5)
You cannot fit into any form of body armour.
You are cold-blooded and may be slowed by cold attacks.


Message History

You hit the ooze.
You kill the ooze!
Grinder blinks!
Grinder says, "Mostly I couldn't keep them alive."
Grinder blinks!
Grinder hits you.
Casting: Magic Dart (safe; 2% risk of failure)
Confirm with . or Enter, or press ? or * to list all spells.
Aiming: Magic Dart (safe; 2% risk of failure)
Press: ? - help, Shift-Dir - straight line, f - Grinder
Aim: Grinder (moderately wounded)
The magic dart hits Grinder.
Grinder is moderately wounded.
Grinder gestures at you.
You suddenly lose the ability to move!
Grinder gestures at you. Pain shoots through your body!
* * * LOW HITPOINT WARNING * * *
Grinder hits you!
You die...

#. #.##.# .....##.#..# #. #.##.#
.J....5....# #. #.##.# #.# #.
#.##.# # #### #.#
#.##.##.####.##.###.#
#..>................############
##......#.#####.#####...........
#.#..#.#.#####5# #.####.#####
###.#..........#@# #.#....#...#
....####.#.>#..#.# #.#......#.)
##..####.#.......# #.#.....###.
##.......#.......# #.##.#...#..
##...###.####).### #.......<...
......##.......# ####.#######
.....#######...# #.# ###.##
#...# #.# ...[# #...# #.# ###


You could see Grinder.

Vanquished Creatures
  4 gnolls
  An adder (D:3)
  An ooze (D:3)
  4 worms (D:2)
  3 dart slugs
  A leopard gecko (D:1)
  4 ball pythons (D:3)
  5 bats
  3 goblins
  4 hobgoblins
  A quokka (D:1)
  2 frilled lizards
  6 kobolds
  4 rats
43 creatures vanquished.

Notes
Turn   | Place    | Note
-------+----------+-------------------------------------------
     0 | D:1      | funkygono the Draconian Conjurer began the quest for the
                  | Orb.
     0 | D:1      | Reached XP level 1. HP: 14/14 MP: 3/3
   738 | D:1      | Reached XP level 2. HP: 13/20 MP: 0/5
   742 | D:1      | Learned a level 2 spell: Searing Ray
  1164 | D:2      | Reached XP level 3. HP: 23/26 MP: 0/6
  1315 | D:1      | Learned a level 3 spell: Dazzling Spray
  1955 | D:3      | Found a white marble altar of Elyvilon.
  2085 | D:3      | Reached skill level 5 in Conjurations
  2085 | D:3      | Reached XP level 4. HP: 17/34 MP: 0/7
  2101 | D:3      | HP: 1/34 [gnoll/+0 club (5)]
  2813 | D:3      | Noticed Grinder
  2818 | D:3      | Paralysed by Grinder for 7 turns
  2855 | D:3      | Paralysed by Grinder for 4 turns
  2857 | D:3      | Slain by Grinder

Skill      XL: |  1  2  3 |
---------------+----------+-----
Stealth        | 2 |  2.4
Dodging        | 2 |  2.1
Conjurations   | 5 |  5.1
Fighting       | |  0.4
Maces & Flails | |  0.3
Spellcasting   | |  2.5

Action                   |  1- 3 |  4- 6 || total
-------------------------+-------+-------++-------
Melee: Unarmed           |    54 |       ||    54
       Tailslap          |     4 |     4 ||     8
       Club              |       |    22 ||    22
 Cast: Magic Dart        |    42 |    21 ||    63
       Searing Ray       |     5 |     2 ||     7
       Dazzling Spray    |     4 |       ||     4
  Use: Scroll            |     3 |       ||     3
  Eat: Chunk             |     4 |     4 ||     8
Armor: Skin              |    16 |    11 ||    27
Dodge: Dodged            |    46 |    19 ||    65
